Map: Galactic Process LE

Players

aLo - Winner!

  • Race: Protoss Protoss
  • League: Silver

Gracz

  • Race: Zerg Zerg
  • League: Silver

VOD

Have the link to the VOD?

Description

Time

  • Played on: Sept. 30, 2016, 10:37 a.m.
  • Length: 8:27
Show
View Real Time Build Order
Export as new Build Order

aLo Protoss - Winner!

Build Orders:  

Get SALT Encoding   

  12  0:06  Probe (Chrono Boost)  
  13  0:17  Probe (Chrono Boost)  
  14  0:23  Pylon  
  14  0:27  Probe (Chrono Boost)  
  15  0:41  Probe (Chrono Boost)  
  16  0:49  Gateway  
  16  0:52  Probe (Chrono Boost)  
  16  0:55  Assimilator  
  17  1:02  Probe (Chrono Boost)  
  18  1:13  Probe (Chrono Boost)  
  18  1:16  Gateway  
  19  1:26  Assimilator  
  19  1:29  Probe (Chrono Boost)  
  20  1:44  Cybernetics Core  
  20  1:54  Assimilator  
  20  2:01  Probe (Chrono Boost)  
  21  2:04  Assimilator  
  21  2:11  Probe (Chrono Boost)  
  22  2:27  Pylon  
  22  2:29  Adept  
  23  2:45  Adept, Nexus  
  25  2:59  Stalker  
  25  3:02  Pylon  
  27  3:08  Warp Gate  
  27  3:12  Mothership Core (Chrono Boost)  
  29  3:13  Adept  
  31  3:31  Robotics Facility  
  31  3:42  Stalker  
  33  3:50  Gateway  
  33  4:05  Probe (Chrono Boost)  
  34  4:14  Adept  
  34  4:16  Adept  
  39  4:17  Probe (Chrono Boost)  
  39  4:30  Observer  
  40  4:39  Gateway  
  40  4:46  Gateway  
  40  4:48  Warp Prism  
  42  4:59  Pylon  
  42  5:49  Pylon, Probe (Chrono Boost)  
  44  5:50  Probe (Chrono Boost), Immortal  
  48  5:59  Probe (Chrono Boost)  
  48  6:01  Robotics Bay  
  48  6:02  Probe (Chrono Boost)  
  50  6:09  Gateway  
  50  6:10  Probe (Chrono Boost)  
  51  6:14  Adept x2, Probe (Chrono Boost)  
  56  6:20  Probe (Chrono Boost)  
  56  6:23  Adept  
  60  6:26  Adept, Probe (Chrono Boost)  
  60  6:31  Probe (Chrono Boost)  
  63  6:38  Probe (Chrono Boost)  
  64  6:49  Adept x3  
  64  7:15  Stalker x2  
  64  7:16  Stalker  
  66  7:30  Pylon  
  66  7:31  Pylon  
  66  7:32  Adept x2  
  64  7:44  Stalker x2  
  64  7:45  Stalker  
  70  7:56  Stalker x2  
  74  8:08  Adept x3  
  78  8:20  Stalker x2  
Show
View Real Time Build Order
Export as new Build Order

Gracz Zerg 

Build Orders: Pool First 

Get SALT Encoding   

  12  0:02  Drone  
  13  0:10  Drone  
  14  0:32  Spawning Pool  
  13  0:56  Hatchery  
  12  1:02  Drone x2  
  14  1:15  Overlord  
  14  1:33  Queen  
  16  1:51  Zergling x6  
  19  2:07  Extractor  
  19  2:08  Zergling x2, Queen  
  19  2:09  Queen  
  19  2:10  Extractor  
  19  2:13  Extractor  
  23  2:39  Drone x5  
  28  3:04  Overlord x3  
  28  3:19  Extractor  
  27  3:20  Drone  
  27  3:24  Overlord  
  28  3:46  Overlord x2  
  25  4:05  Zergling x2  
  25  4:06  Zergling x18  
  34  4:35  Drone x5  
  39  5:15  Zergling x2  
  39  5:16  Drone x6  
  39  5:17  Drone x3  
  48  5:48  Drone  
  48  5:49  Drone x4  
  53  5:58  Drone  
  54  6:15  Metabolic Boost  
  54  6:24  Extractor  
  48  6:47  Hatchery  
  45  7:10  Spore Crawler  
  45  7:11  Lair  
  34  7:55  Zergling x2  
  34  7:56  Zergling x22  
Tags
 
Add a new tag
Caveats
  • Supply blocks, unpowered buildings, or Contaminate may cause inaccurate times.
  • Supply counts are checked every 10 seconds.